 Dungeon Crawl Stone Soup version 0.20-a0-1078-g4874019 (webtiles) character file.

1031 Infinimo the Frost Mage (level 8, 0/52 HPs)
             Began as a Barachi Ice Elementalist on Apr 30, 2017.
             Was a Follower of Cheibriados.
             Slain by a wight
             ... wielding a +3 mace of freezing
              (8 damage)
             ... on level 6 of the Dungeon.
             The game lasted 00:20:41 (6132 turns).

Infinimo the Frost Mage (Barachi Ice Elementalist)  Turns: 6132, Time: 00:20:42

Health: 0/52       AC:  7    Str: 18    XL:     8   Next: 23%
Magic:  0/14       EV: 12    Int: 19    God:    Cheibriados [*.....]
Gold:   117        SH:  0    Dex: 14    Spells: 10/15 levels left

rFire    . . .     SeeInvis .   v - staff of wizardry
rCold    + . .     Gourm    .   (no shield)
rNeg     + . .     Faith    .   n - +2 robe {rC+}
rPois    .         Spirit   .   (no helmet)
rElec    .         Reflect  .   (no cloak)
rCorr    .         Harm     .   u - +0 pair of gloves
MR       .....                  (no boots)
Stlth    ++........             (no amulet)
Regen    0.2/turn               m - +2 ring of protection
MPRegen  0.2/turn               p - ring of positive energy

@: mighty, can't hop, drained, very slow
A: +LOS, swims, slowness 1, strong legs 1
a: Hop, Bend Time, Renounce Religion


You were on level 6 of the Dungeon.
You worshipped Cheibriados.
Cheibriados was aware of your devotion.
You were very hungry.

You visited 1 branch of the dungeon, and saw 6 of its levels.

You collected 156 gold pieces.
You spent 39 gold pieces at shops.

Inventory:

Armour
 n - a +2 robe of cold resistance (worn)
 u - a +0 pair of gloves (worn)
Magical Staves
 v - an uncursed staff of wizardry (weapon)
Jewellery
 m - a +2 ring of protection (left hand)
 p - a ring of positive energy (right hand)
Wands
 j - a wand of scattershot (7/9)
Scrolls
 e - 2 scrolls of remove curse
 f - 3 scrolls of enchant armour
Potions
 q - a potion of cancellation
Books
 b - a book of Frost

   Spells                             Type                      Level
   a - Freeze                         Ice                          1
   b - Throw Frost                    Conjuration/Ice              2
   c - Ozocubu's Armour               Charms/Ice                   3
   d - Throw Icicle                   Conjuration/Ice              4
   e - Summon Ice Beast               Ice/Summoning                4
Comestibles
 a - 5 fruits
 c - 4 bread rations
 g - a royal jelly
 k - 3 meat rations


   Skills:
 - Level 2.1(2.0) Dodging
 - Level 1.7(1.6) Stealth
 - Level 4.0(3.8) Spellcasting
 - Level 5.6(5.5) Conjurations
 + Level 9.1(8.9) Ice Magic


You had 10 spell levels left.
You knew the following spells:

 Your Spells              Type           Power        Failure   Level  Hunger
a - Freeze                Ice            ####         1%          1    None
b - Throw Icicle          Conj/Ice       ####....     2%          4    ####...


Dungeon Overview and Level Annotations

Branches:
Dungeon (6/15)
 Temple: D:4-7

Altars:
Cheibriados
Elyvilon
Gozag
Kikubaaqudgha
Nemelex Xobeh
Okawaru
Ru
Trog
Xom
Yredelemnul

Shops:
D:4 :?(   D:6 [

Portals:
Sewer: D:6

Annotations:
D:6 Dowan


Innate Abilities, Weirdness & Mutations

Shadows flee at your approach. (+LOS)
You can swim through water.
You cover ground slowly.
You can hop short distances.


Message History

Confirm with . or Enter, or press ? or * to list all spells.
Aiming: Freeze
Press: ? - help, Shift-Dir - straight line, f/p - wight
Aim: a wight, wielding a flail of freezing and wearing a robe (almost destroyed)
You freeze the wight.
The wight resists.
The wight is almost destroyed.
Casting: Freeze
Confirm with . or Enter, or press ? or * to list all spells.
Aiming: Throw Icicle
Press: ? - help, Shift-Dir - straight line, f - wight, p - wight
Aim: a wight, wielding a mace of freezing and wearing a robe (severely damaged)
The shard of ice hits the wight.
The wight partially resists.
You destroy the wight!
Cheibriados appreciates the change of pace.
Your base Ice Magic skill increases to level 9!
You are feeling very hungry.
Okay, then.
You feel mightier all of a sudden.
The wight hits you with a mace of freezing!
You die...

#.........#.......
#.........#.......
#####...###.......
####...# #.......
#......#*#.....?.
#......#.....####
#......#J...,*
####z.....#,,,,,* *
#..@....###,,,,,* *
#.####### *,,,,,* #
#,* *,,,,,* # *,*
*,,,,,* ## *,*
*,,,,,**#.
*,*********,,<,,,,+.
*,*,,,,,,,*,,,,***#.
*,,,*****,,,,,,* #.
*,,**,,,**,,**** #.


You could see a wight.

Vanquished Creatures
  Duvessa (D:6)
  An ice beast (D:5)
  An ogre (D:6)
  2 bullfrogs
  2 wights (D:6)
  A howler monkey (D:6)
  An orc priest (D:4)
  A hound (D:3)
  A centaur skeleton (D:4)
  2 worker ants (D:4)
  A hound skeleton (D:5)
  9 adders
  11 gnolls
  A river rat (D:6)
  A shadow imp (D:5)
  An ooze (D:4)
  2 adder skeletons
  An adder zombie (D:5)
  2 worms
  2 dart slugs
  7 leopard geckos
  18 orcs
  11 bats
  4 giant cockroaches
  8 goblins
  9 hobgoblins
  3 jackals (D:6)
  10 kobolds
  A quokka (D:4)
  3 frilled lizards
  13 rats
131 creatures vanquished.

Notes
Turn   | Place    | Note
-------+----------+-------------------------------------------
     0 | D:1      | Infinimo the Barachi Ice Elementalist began the quest for the Orb.
     0 | D:1      | Reached XP level 1. HP: 13/13 MP: 3/3
   103 | D:1      | Reached skill level 4 in Ice Magic
   278 | D:1      | Reached XP level 2. HP: 19/19 MP: 0/5
   374 | D:1      | Reached XP level 3. HP: 11/24 MP: 0/6
   596 | D:1      | Reached skill level 5 in Ice Magic
  1219 | D:2      | Reached XP level 4. HP: 29/30 MP: 4/8
  1472 | D:2      | Found an ancient bone altar of Kikubaaqudgha.
  2144 | D:2      | Learned a level 4 spell: Throw Icicle
  2368 | D:2      | Reached XP level 5. HP: 35/35 MP: 7/11
  2579 | D:2      | HP: 2/52 [gnoll/dagger of chaos (1)]
  3074 | D:3      | Found a shimmering altar of Xom.
  3236 | D:3      | Reached XP level 6. HP: 32/41 MP: 7/12
  3351 | D:3      | You fall through a shaft for 2 floors!
  3351 | D:5      | Entered Level 5 of the Dungeon
  3446 | D:4      | Found a sparkling altar of Nemelex Xobeh.
  3572 | D:4      | HP: 2/41 [orc priest/nerve-wracking pain (13)]
  3877 | D:4      | Found Bitaun's Weapon Boutique.
  3983 | D:4      | Found Lyrchaur's Book Shoppe.
  4014 | D:4      | Found Ajerelae's Magic Scroll Emporium.
  4017 | D:4      | Bought a scroll of teleportation for 39 gold pieces
  4654 | D:3      | Reached skill level 6 in Ice Magic
  4682 | D:3      | Reached skill level 5 in Conjurations
  4682 | D:3      | Reached XP level 7. HP: 9/46 MP: 6/13
  4969 | D:3      | Found an iron altar of Okawaru.
  5246 | D:5      | Found a sacrificial altar of Ru.
  5247 | D:5      | Found a basalt altar of Yredelemnul.
  5247 | D:5      | Found a snail-covered altar of Cheibriados.
  5248 | D:5      | Found an opulent altar of Gozag.
  5248 | D:5      | Found a white marble altar of Elyvilon.
  5273 | D:5      | Became a worshipper of Cheibriados the Contemplative
  5574 | D:5      | Noticed a moth of wrath
  5575 | D:5      | Found a bloodstained altar of Trog.
  5757 | D:6      | Found Vyrchiuj's Armour Boutique.
  5773 | D:6      | Reached skill level 7 in Ice Magic
  6028 | D:6      | Found a glowing drain.
  6065 | D:6      | Reached skill level 8 in Ice Magic
  6065 | D:6      | Reached XP level 8. HP: 31/52 MP: 0/14
  6069 | D:6      | Reached * piety under Cheibriados
  6099 | D:6      | Noticed Duvessa
  6099 | D:6      | Noticed Dowan
  6117 | D:6      | Killed Duvessa
  6131 | D:6      | Reached skill level 9 in Ice Magic
  6132 | D:6      | Slain by a wight

Vault maps used:
D:1:      dpeg_arrival_simpleton_b, hangedman_decor_clover_reticule,
          kennysheep_another_room, hex_tiny
D:2:      lemuel_doored_altar
D:3:      kennysheep_okawaru_gauntlet, tgw_xom
D:4:      serial_shops, nicolae_shop_window_shopping, nicolae_shop_crystal,
          shop, nemelex_dance_club_becter
D:5:      grunt_temple_overflow_open, first_bread, tgw_trog
D:6:      cheibrodos_quashed, serial_shops, nicolae_shop_stone,
          portal_sewer_entry_c, nicolae_tso_swordbearing_angel, uniq_duvessa

Skill      XL: |  1  2  3  4  5  6  7  8 |
---------------+-------------------------+-----
Ice Magic      | 4 5 6 8 9 |  9.1
Spellcasting   | 3 4 |  4.0
Conjurations   | 3 5 |  5.6
Dodging        | |  2.1
Stealth        | |  1.7

Action                   |  1- 3 |  4- 6 |  7- 9 || total
-------------------------+-------+-------+-------++-------
Melee: Dagger            |    19 |     2 |       ||    21
       Unarmed           |     8 |       |    18 ||    26
       Flail             |       |    26 |    32 ||    58
       Staff             |       |       |    54 ||    54
 Cast: Freeze            |    39 |   130 |    47 ||   216
       Throw Icicle      |       |       |     4 ||     4
 Abil: Hop               |       |       |     2 ||     2
  Use: Potion            |     1 |     2 |     3 ||     6
       Scroll            |       |    10 |    10 ||    20
 Stab: Confused          |       |       |     1 ||     1
  Eat: Chunk             |     2 |    11 |     5 ||    18
Armor: Skin              |    14 |       |    11 ||    25
       Robe              |     9 |    56 |    58 ||   123
Dodge: Dodged            |    47 |   102 |   129 ||   278
